Map: Ruins of Seras

Players

Shamanas - Winner!

  • Race: Terran Terran

VashStampede

  • Race: Terran Terran

VOD

Have the link to the VOD?

Description

Time

  • Played on: May 2, 2015, 2:50 p.m.
  • Length: 6:25
Show
View Real Time Build Order
Export as new Build Order

Shamanas Terran - Winner!

Build Orders: Reaper Expand, Mech, Siege Tank Drop 

Get SALT Encoding   

  12  0:01  SCV  
  13  0:13  SCV  
  14  0:18  Supply Depot  
  14  0:25  SCV  
  15  0:40  SCV, Barracks  
  16  0:52  SCV, Refinery  
  17  1:04  SCV  
  18  1:16  SCV  
  19  1:28  Orbital Command  
  19  1:35  Reaper  
  20  1:45  Command Center  
  20  1:53  Supply Depot  
  20  1:55  SCV  
  21  2:08  SCV  
  22  2:13  Barracks Reactor  
  22  2:20  SCV  
  23  2:23  Refinery  
  23  2:29  Factory  
  23  2:32  SCV  
  24  2:43  Supply Depot  
  25  2:44  SCV  
  25  2:55  Marine x2  
  25  2:56  SCV  
  28  3:11  SCV  
  28  3:12  Orbital Command  
  29  3:16  Marine  
  29  3:17  Factory Tech Lab, Marine  
  30  3:27  SCV  
  30  3:28  Starport  
  30  3:31  Refinery  
  31  3:34  Marine x2  
  31  3:35  Refinery  
  31  3:36  Cyclone  
  31  3:39  SCV  
  37  3:47  SCV  
  38  3:51  SCV  
  38  3:54  Marine  
  38  3:55  Marine  
  41  3:59  SCV  
  42  4:04  SCV  
  42  4:05  Medivac  
  42  4:09  Siege Tank  
  48  4:12  Marine x2  
  48  4:13  SCV  
  51  4:25  Supply Depot, SCV x2  
  51  4:29  Supply Depot  
  53  4:33  Marine  
  53  4:37  Factory, Starport Tech Lab  
  54  4:46  Siege Tank, Marine  
  58  4:55  SCV x2  
  60  5:02  Command Center  
  57  5:07  SCV x2  
  58  5:30  SCV x2  
  60  5:37  Siege Tank  
  60  5:39  Hellion x2  
  70  6:11  Supply Depot  
  70  6:13  Supply Depot x2  
  70  6:14  Factory  
  70  6:15  Armory, Factory  
  70  6:18  Armory  
Show
View Real Time Build Order
Export as new Build Order

VashStampede Terran 

Build Orders: Reaper Expand 

Get SALT Encoding   

  12  0:01  SCV  
  13  0:15  SCV  
  13  0:19  Supply Depot  
  14  0:27  SCV  
  15  0:41  SCV  
  16  0:45  Barracks  
  16  0:49  Refinery  
  16  0:53  SCV  
  17  1:05  SCV  
  18  1:17  SCV  
  20  1:38  Orbital Command  
  19  1:40  Command Center  
  19  1:43  Reaper  
  20  1:59  Supply Depot  
  20  2:04  SCV  
  21  2:16  Factory  
  21  2:24  SCV  
  21  2:25  Refinery  
  22  2:34  Barracks Reactor  
  22  2:37  SCV  
  23  2:50  SCV  
  23  3:02  Hellion  
  23  3:03  SCV  
  24  3:25  SCV  
  25  3:27  Factory Tech Lab  
  25  3:33  Starport  
  25  3:36  Marine  
  25  3:37  SCV, Marine  
  28  3:44  Orbital Command  
  28  3:49  SCV  
  29  3:55  Marine x2  
  29  3:56  Siege Tank  
  29  4:01  SCV  
  35  4:06  Command Center  
  35  4:09  Supply Depot, SCV  
  36  4:13  SCV  
  39  4:19  Starport Reactor  
  39  4:21  SCV  
  39  4:22  Marine  
  39  4:23  Marine  
  40  4:25  SCV  
  40  4:28  Siege Tank  
  44  4:33  SCV  
  45  4:40  Marine x2  
  45  4:43  SCV, Supply Depot  
  48  4:46  Engineering Bay  
  48  4:51  Barracks x2  
  48  4:55  SCV  
  48  4:58  Refinery  
  48  5:13  SCV x2  
  50  5:27  Missile Turret  
  49  5:30  SCV x2  
  49  5:31  Missile Turret, Orbital Command  
  49  5:33  Marine x2  
  49  5:34  Missile Turret x2, Medivac x2  
  57  5:35  Siege Tank  
  57  5:42  SCV  
Tags
 
Add a new tag
Caveats
  • Supply blocks, unpowered buildings, or Contaminate may cause inaccurate times.
  • Supply counts are checked every 10 seconds.